 Dungeon Crawl Stone Soup version 0.24-a0-459-g225fefd530 (webtiles) character file.

Game seed: 4817571614985699137

4915 Azzok the Fighter (level 10, 0/101 HPs)
             Began as a Minotaur Berserker on June 29, 2019.
             Was an Elder of Trog.
             Shot with an arrow by a centaur warrior (1 damage)
             ... on level 9 of the Dungeon.
             The game lasted 00:10:54 (8393 turns).

Azzok the Fighter (Minotaur Berserker)              Turns: 8393, Time: 00:10:55

Health: 0/101      AC: 11    Str: 26    XL:     10   Next: 27%
Magic:  9/9        EV:  7    Int:  7    God:    Trog [****..]
Gold:   417        SH:  0    Dex:  9    Spells: 9/9 levels left

rFire    + . .     SeeInvis .   s - +4 falchion (holy)
rCold    . . .     Gourm    .   (no shield)
rNeg     . . .     Faith    .   f - +0 plate armour
rPois    .         Spirit   .   (helmet restricted)
rElec    .         Reflect  .   (no cloak)
rCorr    .         Harm     .   (no gloves)
MR       ++...                  (no boots)
Stlth    ..........             (no amulet)
HPRegen  0.26/turn              A - ring of the Mage {Wiz MR++ Int+3}
MPRegen  0.11/turn              y - ring of protection from fire

@: no status effects
A: retaliatory headbutt, horns 2
a: Berserk, Trog's Hand, Brothers in Arms, Renounce Religion


You were on level 9 of the Dungeon.
You worshipped Trog.
Trog was greatly pleased with you.
You were not hungry.

You visited 1 branch of the dungeon, and saw 9 of its levels.

You collected 417 gold pieces.

Inventory:

Hand Weapons
 s - a +4 falchion of holy wrath (weapon)
 w - a +0 falchion of flaming
 x - a +0 shortbow
Missiles
 k - 128 arrows
 v - 2 throwing nets (quivered)
Armour
 f - a +0 plate armour (worn)
Jewellery
 y - a ring of protection from fire (right hand)
 A - the ring of the Mage (left hand) {Wiz MR++ Int+3}
   (You found it on level 7 of the Dungeon)

   [ring of wizardry]

   It improves your spell success rate.
   It affects your intelligence (+3).
   It affects your resistance to hostile enchantments.
Wands
 B - a wand of paralysis (12)
 F - a wand of flame (5)
Scrolls
 d - 2 scrolls of immolation {unknown}
 e - 6 scrolls of remove curse {unknown}
 j - a scroll of teleportation {unknown}
 l - 2 scrolls of magic mapping {unknown}
 n - 3 scrolls of amnesia {unknown}
 o - 2 scrolls of fog {unknown}
 r - a scroll of identify
 C - a scroll of enchant weapon {unknown}
 D - 2 scrolls of enchant armour {unknown}
Potions
 a - 2 potions of lignification {unknown}
 b - a potion of cancellation {unknown}
 g - 2 potions of heal wounds {unknown}
 h - 4 potions of agility
 i - 5 potions of curing
 m - a potion of haste
 p - 2 potions of might
 q - a potion of mutation {!q}
 u - 4 potions of flight
 z - a potion of berserk rage
 E - 2 potions of magic {unknown}
Comestibles
 c - 8 rations
 t - 6 chunks of flesh


   Skills:
 - Level 13.3 Fighting
 - Level 3.6 Long Blades
 + Level 11.0 Bows
 - Level 2.4 Armour
 - Level 2.1 Dodging


You had 9 spell levels left.
You didn't know any spells.
Your spell library was empty.

Dungeon Overview and Level Annotations

Branches:
Dungeon (9/15)             Temple (0/1) D:6            Lair (0/6) D:8
    Orc: D:9-12

Altars:
Cheibriados
Dithmenos
Okawaru
Ru
Trog
Wu Jian
Yredelemnul

Annotations:
D:7 2 transporters, hitsuchi's ghost, novice DDEE


Innate Abilities, Weirdness & Mutations

You reflexively headbutt those who attack you in melee.
You have a pair of horns on your head.


Message History

You see here a bullfrog skeleton.
There is an open door here.
You close the door.
A centaur warrior opens the door.
There is an open door here.
The centaur warrior shoots an arrow.
The arrow hits you!!
* * * LOW HITPOINT WARNING * * *
The arrow burns you.
* * * LOW HITPOINT WARNING * * *
You see here an arrow.
You close the door.
A centaur warrior opens the door.
The centaur warrior shoots an arrow.
The arrow hits you.
* * * LOW HITPOINT WARNING * * *
The arrow burns you.
* * * LOW HITPOINT WARNING * * *
The centaur warrior shoots an arrow.
The arrow hits you.
* * * LOW HITPOINT WARNING * * *
The arrow burns you.
You die...

▒▒▒▒(▒▒▒▒▒▒ ▒(·▒ ▒▒)▒
▒▒▒▒▒▒c▒▒▒▒▒▒ ▒▒▒▒▒▒▒╬▒▒▒
▒···········▒▒▒▒··········
╬···········▒··c(·········
▒··········÷c·▒▒··········
▒···········▒▒▒▒··÷·······
▒···········▒ ▒@·········
▒···········▒ ▒·<········
▒···········▒ ▒▒▒▒▒▒▒▒▒▒▒
▒▒▒▒▒▒▒▒▒▒▒▒▒


You could see a centaur warrior.

Vanquished Creatures
  Pikel (D:5)
  Joseph (D:9)
  The ghost of hitsuchi the Ruffian, a novice DrTm of Okawaru (D:6)
  Grinder (D:6)
  Eustachio (D:5)
  Sigmund (D:6)
  2 hungry ghosts (D:7)
  Duvessa (D:7)
  2 orc warriors
  An ice beast (D:6)
  2 slaves (D:5)
  A black bear (D:6)
  A phantom (D:4)
  2 centaurs
  A sky beast (D:7)
  2 ogres
  A big kobold (D:8)
  5 bullfrogs
  Dowan (D:7)
  4 scorpions
  A water moccasin skeleton (D:9)
  A howler monkey (D:5)
  3 crimson imps
  A bullfrog zombie (D:3)
  4 jellies
  4 hounds
  7 orc wizards
  A quasit (D:6)
  10 orc priests
  2 centaur skeletons
  A bullfrog skeleton (D:8)
  3 iguanas
  4 worker ants
  A hound zombie (D:9)
  3 gnolls
  11 adders
  3 shadow imps
  An ooze (D:5)
  3 worms
  A dart slug (D:4)
  7 leopard geckos
  25 orcs
  6 bats
  4 giant cockroaches
  4 hobgoblins
  3 jackals (D:5)
  2 quokkas
  4 frilled lizards
  11 goblins
  9 kobolds
  A quokka skeleton (D:5)
  5 rats
178 creatures vanquished.

Notes
Turn   | Place    | Note
-------+----------+-------------------------------------------
     0 | D:1      | Azzok the Minotaur Berserker began the quest for the Orb.
     0 | D:1      | Reached XP level 1. HP: 19/19 MP: 0/0
   231 | D:1      | Reached skill level 4 in Fighting
   557 | D:1      | Reached XP level 2. HP: 28/28 MP: 1/1
  1092 | D:2      | Reached skill level 5 in Fighting
  1136 | D:2      | Reached XP level 3. HP: 30/36 MP: 2/2
  1390 | D:2      | Found a basalt altar of Yredelemnul.
  1403 | D:2      | Reached ** piety under Trog
  1430 | D:2      | Noticed an ogre
  1433 | D:2      | Killed an ogre
  1433 | D:2      | Reached skill level 6 in Fighting
  1433 | D:2      | Reached XP level 4. HP: 45/45 MP: 3/3
  1821 | D:3      | Reached XP level 5. HP: 51/51 MP: 4/4
  1856 | D:3      | Reached skill level 7 in Fighting
  2765 | D:4      | Found an ornate altar of the Wu Jian Council.
  2813 | D:4      | Reached skill level 8 in Fighting
  2860 | D:4      | Found a sacrificial altar of Ru.
  3000 | D:4      | Reached XP level 6. HP: 62/62 MP: 5/5
  3370 | D:5      | Entered Level 5 of the Dungeon
  3371 | D:5      | Found a shadowy altar of Dithmenos.
  3388 | D:5      | Noticed an orc warrior
  3475 | D:4      | Reached skill level 9 in Fighting
  3659 | D:4      | Killed an orc warrior
  3659 | D:4      | Reached XP level 7. HP: 39/71 MP: 6/6
  3994 | D:5      | Reached skill level 10 in Fighting
  4166 | D:5      | Noticed Eustachio
  4174 | D:5      | Killed Eustachio
  4178 | D:5      | Reached skill level 11 in Fighting
  4669 | D:5      | Reached XP level 8. HP: 80/82 MP: 7/7
  4673 | D:6      | Noticed Pikel
  4829 | D:5      | Killed Pikel
  4829 | D:5      | Reached skill level 12 in Fighting
  4874 | D:6      | Reached skill level 13 in Fighting
  4877 | D:6      | Reached *** piety under Trog
  5006 | D:6      | Reached skill level 1 in Bows
  5085 | D:6      | Found a runed translucent door.
  5085 | D:6      | Noticed Grinder
  5093 | D:6      | Killed Grinder
  5157 | D:6      | Reached XP level 9. HP: 92/93 MP: 8/8
  5195 | D:6      | Noticed Sigmund
  5198 | D:6      | Killed Sigmund
  5273 | D:6      | Noticed hitsuchi's ghost (novice DrTm)
  5511 | D:6      | Reached skill level 5 in Bows
  6023 | D:6      | Found a staircase to the Ecumenical Temple.
  6102 | D:6      | Killed hitsuchi's ghost
  6294 | D:7      | Noticed Duvessa
  6294 | D:7      | Noticed Dowan
  6304 | D:7      | Killed Duvessa
  6305 | D:7      | Killed Dowan
  6886 | D:7      | Found the ring of the Mage {Wiz MR++ Int+3}
  7059 | D:7      | Reached XP level 10. HP: 86/101 MP: 9/9
  7221 | D:7      | Found a transporter.
  7226 | D:7      | Found a transporter.
  7227 | D:7      | Found a bloodstained altar of Trog.
  7227 | D:7      | Noticed hitsuchi's ghost (novice DDEE)
  7229 | D:7      | Identified the +7 giant club of Uklo {holy, *Rage rElec
                  | rF+}
  7229 | D:7      | Noticed a two-headed ogre
  7231 | D:7      | Noticed a moth of wrath
  7400 | D:8      | Reached skill level 10 in Bows
  7449 | D:8      | Found an iron altar of Okawaru.
  7512 | D:8      | Found a staircase to the Lair.
  7588 | D:8      | Found a snail-covered altar of Cheibriados.
  8020 | D:8      | Reached **** piety under Trog
  8228 | D:9      | Noticed Joseph
  8251 | D:9      | Killed Joseph
  8366 | D:9      | Noticed a centaur warrior
  8393 | D:9      | HP: 1/101 [centaur warrior/arrow (5)]
  8393 | D:9      | Shot with an arrow by a centaur warrior

Levels and vault maps discovered:
D:1:      eino_arrival_tree_alley, layout_loops_ring, kennysheep_small_spiral,
          minmay_3d_cube
D:2:      layout_loops_ring, overflow_temple_1_default
D:3:      layout_loops_cross, first_ration, grunt_decor_one_mirror
D:4:      layout_gridville, overflow_temple_1_default,
          nicolae_ru_sacrificial_ziggurat
D:5:      layout_layer_cave, basic_altar, uniq_eustachio
D:6:      layout_loops_cross, minmay_temple_entry_poolview,
          ebering_ghost_sewer_d, uniq_sigmund, uniq_pikel, uniq_grinder
D:7:      layout_basic, gammafunk_ghost_wrathful_warriors, uniq_duvessa
D:8:      layout_loops_cross, nicolae_overflow_crystal_walls,
          okawaru_gym_becter, lair_entry_dummy
D:9:      layout_roguey, gammafunk_temple_overflow_wave, uniq_joseph

Skill      XL: |  1  2  3  4  5  6  7  8  9 10 |
---------------+-------------------------------+-----
Fighting       | 4 5 6 8 9 11 13 | 13.3
Bows           | 3 9 11 | 11.0
Long Blades    | |  3.6
Armour         | |  2.4
Dodging        | |  2.1

Action                   |  1- 3 |  4- 6 |  7- 9 | 10-12 || total
-------------------------+-------+-------+-------+-------++-------
Melee: Falchion          |    89 |   117 |   209 |    66 ||   481
       Headbutt          |    11 |    10 |    39 |    13 ||    73
Invok: Berserk           |     1 |     1 |    11 |     2 ||    15
  Use: Scroll            |       |       |     1 |     6 ||     7
  Eat: Chunk             |     2 |     4 |    19 |     7 ||    32
       Ration            |       |     1 |     1 |       ||     2
Armor: Plate armour      |    68 |    64 |   156 |    30 ||   318
Dodge: Dodged            |    29 |    46 |    81 |    31 ||   187
       Rpst.: Falchion   |    10 |     7 |    20 |    12 ||    49

Table legend:
 A = Non-vault XP
 B = Vault XP
 C = Vault XP percentage of total XP
 D = Non-vault monster count
 E = Vault monster count
 F = Vault count percentage of total count
                 A         B        C        D         E       F
            +---------+---------+-------+---------+---------+-------
      Total |    4481 |    2541 |  36.2 |     161 |      15 |   8.5
            +---------+---------+-------+---------+---------+-------
        D:1 |      11 |       9 |  45.0 |       6 |       5 |  45.5
        D:2 |     168 |       0 |   0.0 |      22 |       0 |   0.0
        D:3 |     145 |       0 |   0.0 |      24 |       0 |   0.0
        D:4 |     432 |       0 |   0.0 |      11 |       0 |   0.0
        D:5 |     605 |     855 |  58.6 |      24 |       2 |   7.7
        D:6 |    1182 |     995 |  45.7 |      26 |       5 |  16.1
        D:7 |    1097 |     227 |  17.1 |      21 |       2 |   8.7
        D:8 |     617 |       0 |   0.0 |      22 |       0 |   0.0
        D:9 |     224 |     455 |  67.0 |       5 |       1 |  16.7
            +---------+---------+-------+---------+---------+-------
